 Dungeon Crawl Stone Soup version 0.29-a0-541-gaf1fc19f1b (webtiles) character file.

Game seed: 2723908812951982718

67 zishaf the Magician (level 4, -1/33 HPs)
             Began as a Djinni Venom Mage on June 2, 2022.
             Slain by Jessica
             ... wielding a +0 dagger
              (5 damage)
             ... on level 2 of the Dungeon.
             The game lasted 00:03:51 (3109 turns).

zishaf the Magician (Djinni Venom Mage)             Turns: 3109, Time: 00:03:52

Health: -1/33      AC:  2    Str:  7    XL:     4   Next: 40%
Gold:   103        EV: 12    Int: 18    God:
                   SH:  0    Dex: 14

rFire   + + .      SeeInvis .   l - +1 short sword (elec)
rCold   x . .      Faith    .   (no shield)
rNeg    . . .      Spirit   .   a - +0 robe
rPois   ∞          Reflect  .   (no helmet)
rElec   .          Harm     .   (no cloak)
rCorr   .          Rampage  .   (no gloves)
Will    .....                   (boots unavailable)
Stlth   ++........              (no amulet)
HPRegen 0.11/turn               (no ring)
MPRegen 0.00/turn               (no ring)

@: flying
A: sickness immunity, fire resistance 2, cold vulnerability 1, float, innate
caster, HP casting, extra vitality 1
a: no special abilities


You were on level 2 of the Dungeon.
You visited 1 branch of the dungeon, and saw 2 of its levels.

You collected 103 gold pieces.

Inventory:

Hand Weapons
 b - a +0 short sword
 k - a +2 dagger of holy wrath
 l - a +1 short sword of electrocution (weapon)
Missiles
 d - 5 boomerangs
Armour
 a - a +0 robe (worn)
Scrolls
 e - a scroll of enchant armour {unknown}
 f - 2 scrolls of identify {unknown}
 g - a scroll of enchant weapon {unknown}
 i - a scroll of fear {unknown}
 j - 2 scrolls of teleportation {unknown}
Potions
 c - a potion of resistance {unknown}
 h - a potion of lignification {unknown}
 m - a potion of degeneration {unknown}


   Skills:
 + Level 1.9 Fighting
 - Level 2.1 Dodging
 - Level 1.5 Stealth
 * Level 3.4 Spellcasting


You couldn't memorise any spells.
You knew the following spells:

 Your Spells              Type           Power      Damage    Failure   Level
a - Sting                 Tmut/Pois      60%        1d6       3%          1
b - Poisonous Vapours     Pois/Air       30%        N/A       6%          2
c - Mephitic Cloud        Conj/Pois/Air  15%        N/A       12%         3
d - Olgreb's Toxic Radia  Pois           15%        N/A       36%         4
e - Beastly Appendage     Tmut           30%        N/A       3%          1
Your spell library was empty.

Dungeon Overview and Level Annotations

Branches:
Dungeon (2/15)

Altars:

Shops:
D:1 [

Annotations:
D:2 Jessica


Innate Abilities, Weirdness & Mutations

You are immune to sickness and miasma.
You are immune to poison.
Your flesh is very heat resistant. (rF++)
You are vulnerable to cold. (rC-)
You float through the air rather than walking.
You learn spells naturally, not from books.
Your magical power is your life essence.
You have superior vitality. (+4 MHP)


Message History

The hobgoblin completely misses you.
You hit the hobgoblin but do no damage. The hobgoblin hits you.
You hit the hobgoblin but do no damage. The hobgoblin hits you.
You closely miss the hobgoblin. The hobgoblin closely misses you.
You hit the hobgoblin but do no damage. The hobgoblin barely misses you. x2
You hit the hobgoblin.
The hobgoblin is almost dead.
The hobgoblin hits you.
You hit the hobgoblin but do no damage.
The hobgoblin is almost dead.
The hobgoblin barely misses you.
You hit the hobgoblin.
You kill the hobgoblin!
No target in view!
You see here a hobgoblin corpse.
You now have 103 gold pieces (gained 11).
Found a whip.
You see here a +0 whip.
Found a stone staircase leading down.
There is a stone staircase leading down here.
Jessica the Apprentice Sorceress comes into view.
She is wielding a +0 dagger.
Found a smoky yellow potion.
Jessica shouts!
Jessica shouts, "You're disturbing me!
I'll have to kill you!"
You hit Jessica.
Jessica is moderately wounded.
Jessica hits you with a +0 dagger.
You barely miss Jessica.
Jessica is moderately wounded.
Jessica points at you and mumbles some strange words.
Pain shoots through your body!
You barely miss Jessica.
Jessica is lightly wounded.
Jessica gestures at you while chanting. Pain shoots through your body!
* * * LOW HITPOINT WARNING * * *
You closely miss Jessica.
Jessica is lightly wounded.
Jessica hits you with a +0 dagger.
You die...

#.....##.#....#
#.##..#####+######
...... #.### ##.##
##...### ## #...... +.
#@..# ## ##@## #...#
#.#.# #...# #+# #.###
#.# #.#
########.######
####.###.............#
#......>.#.###...###.#
#.##.###.#.##.....##..


You could see Jessica.

Vanquished Creatures
  2 adders (D:2)
  A dart slug (D:1)
  2 bats
  5 endoplasms
  3 goblins
  9 hobgoblins
  3 jackals (D:1)
  3 quokkas
  6 ball pythons
  6 kobolds
  3 rats (D:1)
43 creatures vanquished.

Notes
Turn   | Place    | Note
-------+----------+-------------------------------------------
     0 | D:1      | zishaf the Djinni Venom Mage began the quest for the Orb.
     0 | D:1      | Reached XP level 1. HP: 15/15 MP: 0/0
   251 | D:1      | Reached XP level 2. HP: 18/22 MP: 0/0
   436 | D:1      | Reached skill level 1 in Fighting
   858 | D:1      | Found Ykloc's Armour Emporium.
   864 | D:1      | Reached XP level 3. HP: 22/27 MP: 0/0
   864 | D:1      | Learned a level 1 spell: Beastly Appendage
   937 | D:1      | Reached skill level 3 in Spellcasting
  2102 | D:2      | Identified the +2 ring mail of the Equator {Harm Int+3}
  2201 | D:2      | Reached XP level 4. HP: 26/32 MP: 0/0
  2700 | D:2      | Found a faded altar of an unknown god.
  3104 | D:2      | Noticed Jessica
  3109 | D:2      | Slain by Jessica

Illustrated notes

Levels and vault maps discovered:
D:1:      ncdulo_smallfort, layout_loops_ring, serial_shops, shop_fountains,
          serial_glass, glass_columns_b, glass_columns_a, glass_columns_a,
          glass_columns_a, glass_columns_b, glass_columns_a, glass_columns_b,
          glass_columns_c, glass_columns_a, glass_columns_c, glass_columns_a,
          glass_columns_c, glass_columns_a, glass_columns_b,
          nicolae_figureground_pulse
D:2:      layout_loops_corners, serial_shops, nicolae_shop_behind_doors,
          ebering_ecumenical_altar_hall, st_stairs_14, skrybe_limestone_x,
          uniq_jessica

Skill      XL: |  1  2  3 |
---------------+----------+-----
Fighting       | 1 |  1.9
Spellcasting   | 3 |  3.4
Dodging        | |  2.1
Stealth        | |  1.5

Action                   |  1- 3 |  4- 6 || total
-------------------------+-------+-------++-------
Melee: Short sword       |    13 |    12 ||    25
 Cast: Sting             |    66 |    23 ||    89
       Beastly Appendage |     1 |       ||     1
Armor: Robe              |     6 |     2 ||     8
Dodge: Dodged            |    25 |    14 ||    39

Table legend: (Time is in decaauts)
 A = Elapsed time spent in this place.
 B = Non-inter-level travel time spent in this place.
 C = Inter-level travel time spent in this place.
 D = Time resting spent in this place.
 E = Time spent auto-exploring this place.
 F = Levels seen in this place.
 G = Mean time per level.
                   A        B        C        D        E       F      G
               +--------+--------+--------+--------+--------+-----+--------+
         Total |   3110 |   3102 |      8 |      0 |   2743 |   2 | 1555.0 |
       Dungeon |   3110 |   3102 |      8 |      0 |   2743 |   2 | 1555.0 |
               +--------+--------+--------+--------+--------+-----+--------+

Top non-repeatable levels by time:
     D:1: 1908 daAuts
     D:2: 1201 daAuts
